 Dungeon Crawl Stone Soup version 0.18.1-6-gd335043 (webtiles) character file.

49 HungrySpirit the Insei (level 3, 0/24 HPs)
             Began as an Octopode Transmuter on May 18, 2016.
             Slain by an adder (4 damage)
             ... on level 2 of the Dungeon.
             The game lasted 00:02:57 (1479 turns).

HungrySpirit the Insei (Octopode Transmuter)        Turns: 1479, Time: 00:02:58

Health: 0/24       AC:  1    Str:  9    XL:     3   Next: 75%
Magic:  6/6        EV: 12    Int: 15    God:
Gold:   43         SH:  0    Dex: 13    Spells: 1 memorised, 5 levels left

rFire  . . .     SeeInvis .       - Unarmed
rCold  . . .     Gourm    .     (no shield)
rNeg   . . .     Faith    .     (helmet restricted)
rPois  .         Spirit   .     (no amulet)
rElec  .         Dismiss  .     (no ring)
rCorr  .         Reflect  .     (no ring)
SustAt .         Harm     .     (no ring)
MR     .....                    (no ring)
Stlth  ++........               (no ring)
                                (no ring)
                                (no ring)
                                (no ring)

@: confused, lethally poisoned (0 -> -3), appendage (expiring), not resistant to
hostile enchantments, unstealthy
A: almost no armour, amphibious, 8 rings, constrict 8, tentacle spike 3,
camouflage 1, deterioration 1, gelatinous body 1, no device heal 1
a: End Transformation


You were on level 2 of the Dungeon.
You were not hungry.
One of your tentacles had a temporary spike.
You visited 1 branch of the dungeon, and saw 2 of its levels.

You collected 43 gold pieces.

Inventory:

Missiles
 a - 33 arrows
Scrolls
 e - 6 scrolls of identify {unknown}
 h - a scroll of recharging {unknown}
Books
 b - a book of Changes

   Spells                             Type                      Level
   a - Beastly Appendage              Transmutation                1
   b - Sticks to Snakes               Transmutation                2
   c - Spider Form                    Transmutation/Poison         3
   d - Ice Form                       Ice/Transmutation            4
   e - Blade Hands                    Transmutation                5
Comestibles
 c - 2 bread rations


   Skills:
 + Level 1.7 Fighting
 + Level 2.4 Dodging
 * Level 3.8 Unarmed Combat
 - Level 2.0 Spellcasting
 + Level 2.4 Transmutations


You had 5 spell levels left.
You knew the following spells:

 Your Spells              Type           Power        Failure   Level  Hunger
a - Beastly Appendage     Trmt           #.....       12%         1    #......


Dungeon Overview and Level Annotations

Branches:
Dungeon (2/15)

Altars:


Innate Abilities, Weirdness & Mutations

You cannot wear most types of armour.
You are amphibious.
You can wear up to eight rings at the same time.
You can use your tentacles to constrict eight enemies at once.
Your skin changes colour to match your surroundings (Stealth).
Your rubbery body absorbs attacks (AC +1).
One of your tentacles bears a large vicious spike.
Your body sometimes deteriorates upon taking damage.
Potions and wands are less effective at restoring your health.


Message History

* * * LOW HITPOINT WARNING * * *
Drink which item? (? for menu, Esc to quit)
It was a potion of ambrosia.
You are confused.
You feel invigorated. The adder bites you.
* * * LOW HITPOINT WARNING * * *
You are poisoned.
The adder poisons you!
You completely miss the adder.
You feel sick. The adder misses you. The adder bites you.
* * * LOW HITPOINT WARNING * * *
You're too confused to attack without stumbling around!
You're too confused to attack without stumbling around!
You're too confused to attack without stumbling around!
You're too confused to attack without stumbling around!
You're too confused to attack without stumbling around!
You're too confused to attack without stumbling around!
Your transformation is almost over.
The adder bites you.
You die...

###########......##
#............#.#..#
#.................#
#............###..#
#.........†......##
###............#####
...............#
...............#
.......@......†#
.......S†......#
...............#
..#.#.....<....#
#..............#
#.#.#.####.#####
#..... #.# #.#.###
#.# ###.# ..# #.#


You could see an adder.

Vanquished Creatures
  A worm (D:1)
  A dart slug (D:1)
  3 giant geckos
  10 goblins
  2 hobgoblins (D:1)
  7 jackals
  3 bats
  A giant newt (D:1)
  8 kobolds
  2 rats (D:1)
38 creatures vanquished.

Vanquished Creatures (others)
  A bat (D:1)
  A hobgoblin (D:1)
2 creatures vanquished.

Grand Total: 40 creatures vanquished

Notes
Turn   | Place    | Note
--------------------------------------------------------------
     0 | D:1      | HungrySpirit the Octopode Transmuter began the quest for the Orb.
     0 | D:1      | Reached XP level 1. HP: 13/13 MP: 3/3
   423 | D:1      | Reached XP level 2. HP: 9/18 MP: 5/5
   884 | D:1      | Reached XP level 3. HP: 22/24 MP: 4/6
  1475 | D:2      | Gained mutation: Your body sometimes deteriorates upon taking damage. [potion of mutation]
  1475 | D:2      | Gained mutation: Potions and wands are less effective at restoring your health. [potion of mutation]
  1478 | D:2      | HP: 1/24 [adder (5)]
  1479 | D:2      | Slain by an adder

Action                   || total
-------------------------++-------
Melee: Unarmed           ||    80
       Constrict         ||    24
       Tentacles         ||     7
       Kick              ||     4
       Punch             ||     1
 Cast: Beastly Appendage ||     8
  Use: Potion            ||     3
 Stab: Sleeping          ||     6
  Eat: Bread ration      ||     1
Armor: Skin              ||     9
Dodge: Dodged            ||    49
